 Dungeon Crawl Stone Soup version 0.25.1-2-g60ff931df9 (webtiles) character file.

Game seed: 5034759257411414341

3281 DogServant the Spear-Bearer (level 10, -7/63 HPs)
             Began as a Tengu Gladiator on Nov 9, 2020.
             Was a Believer of Yredelemnul.
             Mangled by a vampire
             ... wielding a +0 whip
              (12 damage)
             ... on level 9 of the Dungeon.
             The game lasted 00:12:11 (9547 turns).

DogServant the Spear-Bearer (Tengu Gladiator)       Turns: 9547, Time: 00:12:11

Health: -7/63      AC: 14    Str: 17    XL:     10   Next: 0%
Magic:  11/11      EV: 19    Int: 10    God:    Yredelemnul [**....]
Gold:   384        SH:  0    Dex: 15    Spells: 9/9 levels left

rFire    . . .     SeeInvis .   N - +1 trident (venom)
rCold    . . .     Gourm    .   (no shield)
rNeg     . . .     Faith    .   E - +4 ring mail
rPois    +         Spirit   .   c - +0 hat
rElec    .         Reflect  .   (no cloak)
rCorr    .         Harm     .   o - +0 pair of gloves
MR       .....                  (boots unavailable)
Stlth    +.........             (no amulet)
HPRegen  0.20/turn              s - +4 ring of protection
MPRegen  0.12/turn              w - ring of poison resistance

@: flying quickly and evasively, quick
A: beak, talons 3, able to fly
a: Stop Flying, Animate Remains, Recall Undead Slaves, Injury Mirror, Renounce
Religion


You were on level 9 of the Dungeon.
You worshipped Yredelemnul.
Yredelemnul was pleased with you.
You were not hungry.

You visited 2 branches of the dungeon, and saw 10 of its levels.

You collected 384 gold pieces.

Inventory:

Hand Weapons
 I - the +5 hand axe "Otahoiti" {vorpal, Dex+4}
   (You found it on level 6 of the Dungeon)

   It inflicts extra damage upon your enemies.
   It affects your dexterity (+4).
 N - a +1 trident of venom (weapon)
Missiles
 h - 7 javelins
 n - 7 poisoned darts (quivered)
 G - 2 throwing nets
Armour
 b - +0 steam dragon scales
 c - a +0 hat (worn)
 o - a +0 pair of gloves (worn)
 z - a +0 buckler
 E - a +4 ring mail (worn)
Jewellery
 s - a +4 ring of protection (left hand)
 w - a ring of poison resistance (right hand)
 y - a cursed -4 ring of protection
 A - an uncursed ring of protection from fire
 L - a +4 ring of protection
Wands
 J - a wand of acid (14)
Scrolls
 e - a scroll of identify
 g - a scroll of holy word {unknown}
 j - a scroll of blinking
 l - a scroll of teleportation
 r - 2 scrolls of enchant armour
 t - a scroll of fear
 x - 4 scrolls of remove curse
 C - 2 scrolls of enchant weapon {unknown}
 H - a scroll of random uselessness {unknown}
 K - a scroll of magic mapping {unknown}
Potions
 d - a potion of haste
 i - 3 potions of curing
 k - 4 potions of heal wounds
 m - 2 potions of might
 p - a potion of magic
 q - a potion of berserk rage
 v - 3 potions of resistance
 B - a potion of brilliance
 D - a potion of mutation {unknown}
 F - a potion of invisibility {unknown}
Comestibles
 a - 3 chunks of flesh
 f - 15 rations


   Skills:
 + Level 7.2 Fighting
 - Level 10.1 Polearms
 - Level 2.0 Throwing
 - Level 3.0 Armour
 + Level 8.9 Dodging


You had 9 spell levels left.
You didn't know any spells.
Your spell library contained the following spells:

 Spells                   Type           Power        Failure   Level  Hunger
 Animate Skeleton         Necr           N/A          56%         1    ##.....
 Apportation              Tloc           #.....       56%         1    ##.....
 Corona                   Hex            #......      56%         1    ##.....
 Magic Dart               Conj           #...         56%         1    ##.....
 Summon Small Mammal      Summ           #...         56%         1    ##.....
 Slow                     Hex            #.......     71%         2    ###....
 Inner Flame              Hex/Fire       #.......     90%         3    ####...
 Portal Projectile        Hex/Tloc       #.....       90%         3    ####...
 Cause Fear               Hex            #.........   100%        4    #####..
 Leda's Liquefaction      Hex/Erth       #.........   100%        4    #####..


Dungeon Overview and Level Annotations

Branches:
Dungeon (9/15)             Temple (1/1) D:4
   Lair: D:8-11         Orc: D:9-12

Altars:
Ashenzari
Cheibriados
Dithmenos
Elyvilon
Fedhas
Gozag
Hepliaklqana
Kikubaaqudgha
Makhleb
Nemelex Xobeh
Okawaru
Qazlal
Ru
Sif Muna
Trog
Uskayaw
Vehumet
Wu Jian
Xom
Yredelemnul
Zin
The Shining One

Annotations:
D:2 1 runed translucent door, Crazy Yiuf
D:6 Pikel
D:7 1 runed translucent door
D:8 Joseph


Innate Abilities, Weirdness & Mutations

You have a beak for a mouth.
You have claws for feet.
You can fly continuously.


Message History

Something hits you but does no damage. Something closely misses you.
You barely miss something. You claw something. Something hits you.
* * * LOW HITPOINT WARNING * * *
Something bites you but does no damage.
You puncture something! Something hits you but does no damage.
Something bites you but does no damage.
You hit something but do no damage. You claw something.
You hit something but do no damage. Your kick misses something.
You peck something. You closely miss something. Your kick misses something.
Something hits you but does no damage. Something bites you!
* * * LOW HITPOINT WARNING * * *
Something draws strength from your injuries!
You hit something but do no damage. You claw something!
Something hits you but does no damage. Something barely misses you.
You barely miss something. Something misses you. Something closely misses you.
You hit something but do no damage. Something closely misses you.
Something bites you!
You die...
Your body rises from the dead as a mindless zombie.

####### #.....# ###.....#
#.......# #.......##############
#.....................
#.....................
############...{@................
.................................
...(.............................
.......>...........|.............
..#######....<............#####..
..#.....#.########........# #..
..#.....#.# +..#####.# #..
..#.....'.# ..# #.# #..
..#######.# #. #..


There were no monsters in sight!

Vanquished Creatures
  Maggie (D:6)
  Grinder (D:4)
  A hungry ghost (D:9)
  2 orc warriors
  A sky beast (D:9)
  An ice beast (D:5)
  A phantom (D:9)
  A necrophage (D:6)
  A centaur (D:9)
  6 ogres
  A big kobold (D:9)
  4 bullfrogs
  6 killer bees (D:8)
  A water moccasin skeleton (D:4)
  2 howler monkeys
  A crimson imp (D:9)
  2 jellies (D:6)
  8 hounds
  2 orc wizards
  A bullfrog skeleton (D:9)
  A centaur skeleton (D:5)
  7 worker ants
  4 gnolls (D:6)
  10 adders
  A shadow imp (D:7)
  An ooze (D:4)
  2 adder zombies
  6 worms
  4 leopard geckos
  16 orcs
  5 ball pythons
  6 bats
  4 giant cockroaches
  9 goblins
  5 hobgoblins
  5 jackals
  6 kobolds
  5 quokkas
  7 frilled lizards
  3 rats
151 creatures vanquished.

Notes
Turn   | Place    | Note
-------+----------+-------------------------------------------
     0 | D:1      | DogServant the Tengu Gladiator began the quest for the Orb.
     0 | D:1      | Reached XP level 1. HP: 12/12 MP: 2/2
   333 | D:1      | Reached XP level 2. HP: 17/17 MP: 3/3
  1239 | D:2      | Reached skill level 4 in Polearms
  1239 | D:2      | Reached XP level 3. HP: 17/21 MP: 4/4
  1440 | D:2      | Found a runed translucent door.
  1441 | D:2      | Noticed Crazy Yiuf
  2095 | D:3      | Reached XP level 4. HP: 26/26 MP: 5/5
  2816 | D:3      | Found a faded altar of an unknown god.
  2844 | D:4      | Noticed an ogre
  2855 | D:4      | Killed an ogre
  2855 | D:4      | Reached skill level 5 in Polearms
  2855 | D:4      | Reached skill level 5 in Dodging
  2855 | D:4      | Gained mutation: You can fly continuously. [Tengu growth]
  2855 | D:4      | Reached XP level 5. HP: 6/30 MP: 6/6
  3103 | D:4      | Found a snail-covered altar of Cheibriados.
  3110 | D:4      | Reached skill level 6 in Polearms
  3131 | D:4      | Reached XP level 6. HP: 35/35 MP: 7/7
  3217 | D:4      | Reached skill level 7 in Polearms
  3227 | D:4      | Found a shadowy altar of Dithmenos.
  3469 | D:4      | Found a staircase to the Ecumenical Temple.
  3544 | Temple   | Entered the Ecumenical Temple
  3553 | Temple   | Reached XP level 7. HP: 23/40 MP: 8/8
  3777 | Temple   | Became a worshipper of Yredelemnul the Dark
  4050 | D:4      | Reached skill level 8 in Polearms
  4311 | D:5      | Entered Level 5 of the Dungeon
  4328 | D:5      | Noticed Grinder
  4342 | D:5      | Paralysed by Grinder for 5 turns
  4560 | D:5      | Reached skill level 9 in Polearms
  4600 | D:4      | Killed Grinder
  4600 | D:4      | Reached XP level 8. HP: 34/44 MP: 9/9
  4783 | D:5      | Found a blossoming altar of Fedhas.
  5199 | D:5      | Reached skill level 10 in Polearms
  5645 | D:6      | Got a smoking hand axe
  5851 | D:6      | Reached skill level 1 in Armour
  6171 | D:6      | Found a shimmering blue altar of Sif Muna.
  6357 | D:6      | Found a radiant altar of Vehumet.
  6357 | D:6      | Found an ancient bone altar of Kikubaaqudgha.
  6358 | D:6      | Found a shimmering blue altar of Sif Muna.
  6369 | D:6      | Identified Vehumet's Compendium of Confrontation
  6951 | D:6      | Noticed Maggie
  6977 | D:6      | Killed Maggie
  6977 | D:6      | Reached XP level 9. HP: 26/52 MP: 10/10
  7196 | D:6      | Reached * piety under Yredelemnul
  7392 | D:6      | Noticed Pikel
  7734 | D:7      | Reached skill level 5 in Fighting
  7817 | D:7      | Found a sparkling altar of Nemelex Xobeh.
  7908 | D:7      | Found a sacrificial altar of Ru.
  7913 | D:7      | Found a bloodstained altar of Trog.
  7913 | D:7      | Found a blossoming altar of Fedhas.
  7914 | D:7      | Found a hide-covered altar of Uskayaw.
  7914 | D:7      | Found a stormy altar of Qazlal.
  7915 | D:7      | Found an ornate altar of the Wu Jian Council.
  7915 | D:7      | Found a shimmering altar of Xom.
  7916 | D:7      | Found a glowing golden altar of the Shining One.
  8063 | D:7      | Found a runed translucent door.
  8159 | D:6      | Identified the +5 hand axe "Otahoiti" {vorpal, Dex+4} (You
                  | found it on level 6 of the Dungeon)
  8690 | D:8      | Noticed a queen bee
  8690 | D:8      | Noticed Joseph
  8695 | D:9      | Reached ** piety under Yredelemnul
  9358 | D:9      | Reached XP level 10. HP: 43/63 MP: 11/11
  9547 | D:9      | Mangled by a vampire

Illustrated notes

Levels and vault maps discovered:
D:1:      kennysheep_arrival_seaside, layout_basic, kennysheep_pointless_box,
          minmay_tripent
D:2:      layout_basic, uniq_crazy_yiuf_cottage
D:3:      layout_loops_ring, chequers_ecumenical_altar_grove
D:4:      layout_loops_cross, cheibriados_altar_1,
          minmay_temple_entry_offerings, first_ration,
          nicolae_dithmenos_through_a_glass_darkly
D:5:      layout_loops_ring, fedhas_altar_3, uniq_grinder
D:6:      layout_rooms, grunt_temple_overflow_magic_moments, basic_altar,
          uniq_pikel, uniq_maggie
D:7:      layout_loops_corners, lemuel_crystal_altar,
          grunt_temple_overflow_open, lightli_church_of_beogh
D:8:      layout_basic, david_nohive_1, uniq_joseph, uniq_harold
D:9:      layout_irregular_city
Temple:   nicolae_temple_figure_zero

Skill      XL: |  1  2  3  4  5  6  7  8  9 |
---------------+----------------------------+-----
Polearms       | 4 5 6 7 9 10 | 10.1
Dodging        | 4 5 6 8 |  8.9
Armour         | 3 |  3.0
Fighting       | 4 7 |  7.2
Throwing       | |  2.0

Action                   |  1- 3 |  4- 6 |  7- 9 | 10-12 || total
-------------------------+-------+-------+-------+-------++-------
Melee: Trident           |    75 |   100 |   423 |    28 ||   626
       Kick              |    17 |    27 |    96 |    12 ||   152
       Peck              |     6 |     5 |    59 |     6 ||    76
Throw: Throwing net      |       |     1 |     5 |       ||     6
       Dart              |       |       |    40 |       ||    40
       Javelin           |       |       |    11 |       ||    11
 Abil: Fly               |       |     1 |       |       ||     1
  Use: Potion            |       |       |     2 |       ||     2
       Scroll            |       |       |    19 |       ||    19
 Stab: Sleeping          |       |     3 |     1 |       ||     4
       Distracted        |       |     1 |       |       ||     1
       Held in net/web   |       |       |     1 |       ||     1
  Eat: Chunk             |     4 |     4 |    16 |     1 ||    25
       Ration            |       |       |     1 |       ||     1
Armor: Leather armour    |    10 |    10 |     2 |       ||    22
       Ring mail         |       |       |    98 |     9 ||   107
Dodge: Dodged            |    35 |    47 |   305 |    18 ||   405
